 Dungeon Crawl Stone Soup version 0.29-a0-824-gd827844252 (webtiles) character file.

Game seed: 10960398410509330324

244 coolguy69 the Cutter (level 6, 0/32 HPs)
             Began as a Vine Stalker Monk on July 10, 2022.
             Slain by an ogre
             ... wielding a +0 giant spiked club
              (32 damage)
             ... on level 4 of the Dungeon.
             The game lasted 00:02:22 (3209 turns).

coolguy69 the Cutter (Vine Stalker Monk)            Turns: 3209, Time: 00:02:22

Health: 0/32       AC:  2    Str: 16    XL:     6   Next: 10%
Magic:  0/7        EV: 13    Int: 10    God:
Gold:   196        SH:  0    Dex: 16    Spells: 5/5 levels left

rFire   . . .      SeeInvis .   a - +0 short sword
rCold   . . .      Faith    .   (no shield)
rNeg    . . .      Spirit   +   b - +0 robe
rPois   .          Reflect  .   (no helmet)
rElec   .          Harm     .   (no cloak)
rCorr   .          Rampage  .   (no gloves)
Will    .....                   (no boots)
Stlth   +++.......              (no amulet)
HPRegen 0.90/turn               (no ring)
MPRegen 0.10/turn               (no ring)

@: hasted, very quick
A: fangs 2, regeneration 1, magic shield, antimagic bite, no potion heal 2
a: no special abilities


You were on level 4 of the Dungeon.
You visited 1 branch of the dungeon, and saw 4 of its levels.

You collected 196 gold pieces.

Inventory:

Hand Weapons
 a - a +0 short sword (weapon)
Armour
 b - a +0 robe (worn)
Wands
 k - a wand of flame (8)
Scrolls
 d - a scroll of teleportation {unknown}
 f - 4 scrolls of identify {unknown}
 g - a scroll of blinking {unknown}
 h - a scroll of summoning {unknown}
 m - a scroll of fog {unknown}
 o - a scroll of immolation {unknown}
Potions
 c - a potion of ambrosia
 e - 3 potions of curing {unknown}
 i - 3 potions of magic {unknown}
 j - 2 potions of flight {unknown}
 l - a potion of resistance {unknown}
 n - a potion of degeneration {unknown}


   Skills:
 + Level 3.6 Fighting
 + Level 4.1 Short Blades
 + Level 3.3 Dodging
 + Level 4.1 Stealth


You had 5 spell levels left.
You didn't know any spells.
Your spell library contained the following spells:

 Spells                   Type           Power      Damage    Failure   Level
 Blink                    Tloc           0%         N/A       50%         2
 Lesser Beckoning         Tloc           0%         N/A       75%         3
 Manifold Assault         Tloc           0%         N/A       100%        5
 Summon Forest            Summ/Tloc      0%         N/A       100%        5
 Summon Mana Viper        Hex/Summ       0%         N/A       100%        5
 Summon Cactus Giant      Summ           0%         N/A       100%        6


Dungeon Overview and Level Annotations

Branches:
Dungeon (4/15)
 Temple: D:4-7

Altars:


Innate Abilities, Weirdness & Mutations

You have extremely sharp teeth.
Your natural rate of healing is unusually fast.
When hurt, damage is shared between your health and your magic reserves.
Your bite disrupts and absorbs the magic of your enemies.
Potions cannot restore your health.


Message History

You now have 196 gold pieces (gained 6).
You open the door.
Key pressed, stopping explore.
No target in view!
An ogre and an endoplasm come into view.
The ogre shouts!
A goblin comes into view. It is wielding a +0 dagger.
The ogre moves out of view.
Found a pair of gloves.
There are monsters nearby!
The ogre hits you with a +0 giant spiked club!!
The endoplasm jiggles.
The endoplasm closely misses you.
The goblin shouts!
There are monsters nearby!
You hit the ogre. You bite the ogre, but do no damage.
The ogre is lightly wounded.
The endoplasm freezes you.
You are frozen.
There are monsters nearby!
You are too injured to fight recklessly!
There are monsters nearby!
You are too injured to fight recklessly!
You are too injured to fight recklessly!
You are too injured to fight recklessly!
You are too injured to fight recklessly!
The ogre attacks as you move away! The ogre closely misses you.
The ogre attacks as you move away! The ogre barely misses you.
An endoplasm and a ball python come into view.
A ball python comes into view.
It was a potion of haste.
You feel yourself speed up.
You hit the ogre but do no damage. Your bite misses the ogre.
The ogre closely misses you.
You hit the ogre. Your bite misses the ogre.
The ogre is lightly wounded.
You hit the ogre. You bite the ogre. You drain its power.
You feel invigorated.
The ogre is moderately wounded.
The ogre hits you with a +0 giant spiked club!!!
Ouch! That really hurt!
You die...

######################
.............JgO@....#
..##...#....####.....#
.###...#....# ###...#
.###..##....# #..#
......###....J ..#
.....## #...#S. .#
...### #...#..S #
.#### ##..# ..
....####


You could see an ogre, an endoplasm and a goblin.

Vanquished Creatures
  A necrophage (D:4)
  An orc wizard (D:3)
  4 adders
  2 worms
  6 dart slugs
  8 orcs
  7 ball pythons
  8 endoplasms
  3 giant cockroaches
  4 goblins
  7 hobgoblins
  8 jackals
  7 kobolds
  5 quokkas
  5 bats
  7 rats
83 creatures vanquished.

Notes
Turn   | Place    | Note
-------+----------+-------------------------------------------
     0 | D:1      | coolguy69 the Vine Stalker Monk began the quest for the
                  | Orb.
     0 | D:1      | Reached XP level 1. HP: 11/11 MP: 2/2
   296 | D:1      | Reached XP level 2. HP: 11/16 MP: 3/3
   808 | D:1      | Reached XP level 3. HP: 7/20 MP: 1/4
  1916 | D:2      | Gained mutation: Your natural rate of healing is unusually
                  | fast. [Vine Stalker growth]
  1916 | D:2      | Reached XP level 4. HP: 23/24 MP: 5/5
  2588 | D:3      | Reached XP level 5. HP: 28/28 MP: 6/6
  3084 | D:4      | Reached XP level 6. HP: 13/32 MP: 4/7
  3209 | D:4      | Slain by an ogre

Illustrated notes

Levels and vault maps discovered:
D:1:      nicolae_arrival_somewhat_less_tricky_arrival, layout_basic,
          minmay_tiny_reverse_x
D:2:      layout_basic
D:3:      layout_loops_ring
D:4:      minmay_recursive_quarters, layout_basic,
          mainiacjoe_overflow_two_lobes, minmay_temple_entry_statues_pillars,
          serial_glass, glass_columns_a, glass_columns_c, glass_columns_a,
          glass_columns_b, glass_columns_b, nicolae_take_the_stairs

Skill      XL: |  1  2  3  4  5 |
---------------+----------------+-----
Fighting       | 3 |  3.6
Short Blades   | 3 4 |  4.1
Stealth        | 3 4 |  4.1
Dodging        | 3 |  3.3

Action                   |  1- 3 |  4- 6 || total
-------------------------+-------+-------++-------
Melee: Short sword       |   104 |   152 ||   256
       Bite              |    30 |    53 ||    83
       Punch             |     1 |     1 ||     2
  Use: Potion            |       |     1 ||     1
 Stab: Sleeping          |     5 |     6 ||    11
       Distracted        |     1 |       ||     1
Armor: Robe              |     7 |    19 ||    26
Dodge: Dodged            |    61 |    86 ||   147

Table legend: (Time is in decaauts)
 A = Elapsed time spent in this place.
 B = Non-inter-level travel time spent in this place.
 C = Inter-level travel time spent in this place.
 D = Time resting spent in this place.
 E = Time spent auto-exploring this place.
 F = Levels seen in this place.
 G = Mean time per level.
                   A        B        C        D        E       F      G
               +--------+--------+--------+--------+--------+-----+--------+
         Total |   3191 |   3134 |     57 |    216 |   2347 |   4 |  797.8 |
       Dungeon |   3191 |   3134 |     57 |    216 |   2347 |   4 |  797.8 |
               +--------+--------+--------+--------+--------+-----+--------+

Top non-repeatable levels by time:
     D:1: 1702 daAuts
     D:2: 730 daAuts
     D:3: 577 daAuts
     D:4: 180 daAuts
